Map: 中心协议

Players

纨绔 - Winner!

  • Race: Zerg Zerg
  • League: Diamond

Quail

  • Race: Protoss Protoss
  • League: Diamond

VOD

Have the link to the VOD?

Description

Time

  • Played on: Dec. 4, 2015, 9:13 a.m.
  • Length: 12:12
Show
View Real Time Build Order
Export as new Build Order

纨绔 Zerg - Winner!

Build Orders: Hatch First 

Get SALT Encoding   

  12  0:01  Drone  
  13  0:10  Drone  
  14  0:17  Overlord  
  14  0:24  Drone, Extractor  
  15  0:36  Drone x2  
  17  0:45  Drone  
  18  0:58  Hatchery  
  18  1:02  Drone  
  18  1:14  Spawning Pool  
  18  1:16  Drone  
  18  1:19  Extractor  
  18  1:22  Drone  
  18  1:29  Drone  
  19  1:38  Drone  
  20  1:48  Drone  
  21  1:59  Overlord  
  21  2:10  Queen x2  
  21  2:12  Zergling x2  
  21  2:13  Drone  
  27  2:24  Drone x2  
  27  2:26  Metabolic Boost  
  29  2:39  Zergling x4  
  30  2:53  Drone  
  30  2:54  Drone x2  
  30  2:56  Overlord  
  33  2:59  Hatchery  
  33  3:04  Drone x2  
  34  3:15  Overlord  
  34  3:25  Drone  
  34  3:26  Drone x6  
  41  3:38  Drone x2  
  43  3:52  Extractor  
  43  3:55  Overlord  
  42  3:57  Lair  
  42  4:03  Roach Warren  
  42  4:04  Drone x7  
  42  4:08  Overlord  
  48  4:13  Queen  
  48  4:14  Overlord  
  50  4:20  Extractor  
  48  4:34  Queen  
  50  4:47  Overlord  
  50  4:50  Extractor  
  49  4:53  Roach x2  
  49  4:54  Roach x3  
  59  5:11  Overlord  
  56  5:17  Spore Crawler  
  56  5:18  Spore Crawler  
  50  5:24  Drone x5  
  50  5:27  Drone  
  56  5:34  Overlord  
  57  5:35  Drone  
  57  5:36  Drone x8  
  65  5:51  Drone  
  65  5:52  Drone x9  
  74  6:07  Hydralisk Den  
  74  6:10  Spore Crawler  
  72  6:14  Overlord x2  
  72  6:15  Overlord x2  
  72  6:16  Overlord  
  71  6:33  Roach  
  71  6:34  Overlord, Roach  
  71  6:37  Extractor  
  71  6:38  Drone x4  
  71  6:39  Drone x3  
  81  6:41  Hydralisk  
  81  6:42  Hydralisk x3  
  90  6:47  Ravager x5  
  94  6:54  Hydralisk  
  94  6:55  Spine Crawler, Hydralisk x2  
  94  7:00  Hatchery  
  98  7:01  Muscular Augments  
  98  7:11  Extractor  
  98  7:14  Hydralisk x3  
  103  7:21  Hatchery  
  102  7:28  Overlord  
  102  7:35  Drone x2  
  104  7:41  Overseer  
  104  7:45  Overlord  
  104  7:47  Drone x3  
  107  7:55  Hydralisk x9  
  107  7:56  Hydralisk x2  
  129  8:06  Evolution Chamber  
  129  8:08  Evolution Chamber  
  127  8:14  Queen  
  112  8:35  Spire  
  112  8:39  Hydralisk x10  
  131  8:52  Overlord  
  131  8:53  Hydralisk x3  
  131  8:54  Hydralisk  
  139  8:57  Zergling x2  
  139  8:58  Zergling x12  
  146  9:04  Zerg Missile Weapons Level 1  
  146  9:17  Drone x12  
  149  9:49  Corruptor x4, Infestation Pit  
  149  9:50  Corruptor x2  
  154  9:56  Zergling x20  
  154  10:17  Hydralisk  
  154  10:18  Hydralisk x8  
  149  10:25  Roach  
  149  10:26  Roach x3  
  125  10:48  Roach  
  125  10:49  Roach x8  
  143  10:54  Hatchery  
  142  11:06  Roach x7  
  152  11:25  Roach x3  
  156  11:38  Overlord x2  
  156  11:49  Overlord x3  
Show
View Real Time Build Order
Export as new Build Order

Quail Protoss 

Build Orders: 1 Gate Expand 

Get SALT Encoding   

  12  0:01  Probe (Chrono Boost)  
  13  0:11  Probe (Chrono Boost)  
  14  0:20  Pylon  
  14  0:23  Probe (Chrono Boost)  
  15  0:38  Probe (Chrono Boost)  
  15  0:39  Gateway  
  16  0:46  Assimilator  
  16  0:49  Probe (Chrono Boost)  
  17  0:59  Probe (Chrono Boost)  
  18  1:10  Probe (Chrono Boost)  
  19  1:23  Nexus  
  19  1:35  Cybernetics Core  
  19  1:38  Probe (Chrono Boost)  
  20  1:49  Pylon  
  20  1:50  Probe (Chrono Boost)  
  21  1:57  Assimilator  
  21  2:00  Probe (Chrono Boost)  
  22  2:11  Probe (Chrono Boost)  
  22  2:12  Adept (Chrono Boost)  
  25  2:21  Probe (Chrono Boost), Warp Gate  
  26  2:32  Mothership Core  
  26  2:35  Probe  
  28  2:38  Adept (Chrono Boost)  
  31  2:46  Probe  
  32  2:53  Probe  
  32  2:57  Probe, Pylon  
  33  3:05  Probe  
  34  3:07  Probe  
  34  3:10  Pylon  
  34  3:12  Sentry (Chrono Boost)  
  37  3:17  Probe  
  37  3:18  Probe  
  39  3:23  Stargate  
  39  3:28  Probe  
  39  3:29  Probe  
  41  3:35  Stalker (Chrono Boost)  
  41  3:39  Probe  
  44  3:41  Probe  
  45  3:49  Probe  
  45  3:51  Assimilator  
  45  3:54  Probe  
  47  3:56  Assimilator  
  47  4:00  Probe  
  47  4:01  Sentry (Chrono Boost)  
  50  4:06  Probe  
  50  4:07  Pylon  
  50  4:08  Oracle (Chrono Boost)  
  52  4:10  Probe  
  53  4:18  Probe  
  53  4:21  Adept (Chrono Boost)  
  53  4:22  Probe  
  57  4:30  Probe  
  58  4:34  Probe  
  58  4:36  Gateway x2  
  59  4:42  Probe  
  59  4:43  Gateway  
  59  4:44  Pylon  
  60  4:56  Void Ray (Chrono Boost)  
  64  5:01  Pylon  
  64  5:03  Probe x2  
  66  5:08  Stargate  
  66  5:28  Stalker  
  65  5:34  Pylon  
  65  5:35  Void Ray (Chrono Boost)  
  69  5:45  Stalker x3  
  75  5:53  Fleet Beacon  
  75  5:56  Robotics Facility  
  75  6:19  Pylon  
  75  6:23  Stalker x4  
  82  6:27  Twilight Council  
  82  6:37  Stargate  
  82  6:41  Nexus  
  82  6:44  Pylon  
  82  6:45  Warp Prism  
  84  6:51  Carrier (Chrono Boost)  
  90  6:57  Pylon  
  90  7:10  Adept x3, Pylon  
  90  7:11  Pylon  
  96  7:17  Blink  
  96  7:39  Pylon  
  96  7:41  Gateway  
  96  7:47  Probe x2  
  96  7:48  Carrier (Chrono Boost)  
  104  7:54  Probe  
  105  7:59  Probe x2  
  105  8:00  Stalker  
  105  8:01  Stalker x2  
  113  8:06  Observer  
  110  8:27  Observer  
  110  8:32  Stalker x4  
  110  8:33  Mothership Core  
  119  8:35  Probe x2  
  119  8:39  Forge x2  
  123  8:46  Assimilator  
  123  8:48  Gateway  
  123  8:51  Assimilator  
  129  9:07  Probe  
  129  9:08  Probe  
  129  9:09  Pylon  
  121  9:11  Carrier (Chrono Boost)  
  121  9:12  Pylon  
  121  9:15  Pylon  
  125  9:17  Phoenix x2 (Chrono Boost)  
  125  9:25  Graviton Catapult  
  125  9:28  Adept x2  
  129  9:34  Photon Cannon  
  129  9:38  Photon Cannon  
  127  9:45  Stalker  
  127  9:46  Stalker x2  
  131  10:04  Adept x2  
  133  10:08  Adept  
  133  10:11  Carrier (Chrono Boost)  
  109  10:25  Adept x5  
  105  10:34  Adept  
  103  10:47  Phoenix (Chrono Boost)  
  105  11:02  Stalker x3  
  101  11:12  Adept x2  
  101  11:13  Adept  
  102  11:31  Adept x3  
  108  11:51  Stalker x4  
  112  12:07  Adept  
Tags
 
Add a new tag
Caveats
  • Supply blocks, unpowered buildings, or Contaminate may cause inaccurate times.
  • Supply counts are checked every 10 seconds.